 Dungeon Crawl Stone Soup version 0.26-a0-652-gafc20e3620 (webtiles) character file.

Game seed: 6448926283964462924

204 DoubleLucky the Insei (level 5, -12/35 HPs)
             Began as an Octopode Transmuter on Oct 3, 2020.
             Mangled by an ogre
             ... wielding a +0 giant club
              (23 damage)
             ... on level 3 of the Dungeon.
             The game lasted 00:14:48 (4053 turns).

DoubleLucky the Insei (Octopode Transmuter)         Turns: 4053, Time: 00:14:48

Health: -12/35     AC:  1    Str: 10    XL:     5   Next: 82%
Magic:  9/9        EV: 14    Int: 16    God:
Gold:   208        SH:  0    Dex: 12    Spells: 3/9 levels left

rFire    + . .     SeeInvis .     - Unarmed
rCold    . . .     Faith    .   (no shield)
rNeg     + . .     Spirit   .   (helmet restricted)
rPois    .         Reflect  .   (no amulet)
rElec    .         Harm     .   g - ring of protection from fire
rCorr    .         Rampage  .   h - ring of positive energy
MR       +....                  p - ring of protection from magic
Stlth    ++........             (no ring)
HPRegen  0.11/turn              (no ring)
MPRegen  0.11/turn              (no ring)
                                (no ring)
                                (no ring)

@: no status effects
A: almost no armour, stealthy swim, amphibious, 8 rings, constrict 8, camouflage
1, gelatinous body 1
a: no special abilities


You were on level 3 of the Dungeon.
You visited 1 branch of the dungeon, and saw 4 of its levels.

You collected 208 gold pieces.

Inventory:

Missiles
 i - 2 poisoned darts (quivered)
Jewellery
 g - a ring of protection from fire (left tentacle)
 h - a ring of positive energy (right tentacle)
 p - a ring of protection from magic (on tentacle)
 s - an uncursed ring of protection from fire
Scrolls
 a - 2 scrolls of remove curse
 c - 3 scrolls of teleportation {unknown}
 j - 5 scrolls of identify {unknown}
 k - 2 scrolls of noise {unknown}
 l - a scroll of enchant weapon {unknown}
 m - 2 scrolls of amnesia {unknown}
 n - a scroll of fear {unknown}
 o - a scroll of random uselessness {unknown}
Potions
 d - 4 potions of brilliance {unknown}
 e - 2 potions of degeneration {unknown}
 f - 2 potions of mutation {unknown}
 q - a potion of magic {unknown}
 r - 5 potions of curing {unknown}


   Skills:
 + Level 2.5 Fighting
 + Level 3.0 Dodging
 + Level 3.9 Unarmed Combat
 + Level 2.9 Spellcasting
 + Level 3.1 Transmutations


You had 3 spell levels left.
You knew the following spells:

 Your Spells              Type           Power        Failure   Level
a - Beastly Appendage     Tmut           ##....       5%          1
b - Wereblood             Tmut           ##......     8%          2
c - Spider Form           Tmut/Pois      #.........   30%         3

Your spell library contained the following spells:

 Spells                   Type           Power        Failure   Level
 Ice Form                 Ice/Tmut       #.......     69%         4
 Blade Hands              Tmut           ##........   82%         5


Dungeon Overview and Level Annotations

Branches:
Dungeon (4/15)
 Temple: D:4-7

Altars:
Dithmenos
Qazlal
Uskayaw

Annotations:
D:2 exclusions: downstairs and 2 more exclusions, Robin
D:4 exclusions: ogre and 4 more exclusions


Innate Abilities, Weirdness & Mutations

You cannot wear most types of armour.
You are very stealthy in the water. (Stealth+)
You are amphibious.
You can wear up to eight rings at the same time.
You can use your tentacles to constrict eight enemies at once.
Your skin changes colour to match your surroundings (Stealth+).
Your rubbery body absorbs attacks. (AC +1, EV +1)


Message History

The ogre hits you with a +0 giant club!
You climb upwards.
There is a stone staircase leading down here.
The ogre misses you.
You see here a short sword.
You see here a chain mail.
As you read the scroll labeled ZUCITS EVIVU, it crumbles to dust.
You feel blessed for a moment.
It was a scroll of remove curse.
There is a stone staircase leading up here.
The ogre closely misses you.
As you read the scroll labeled XOUHOG XOJUSHRU, it crumbles to dust.
You feel momentarily disoriented.
It was a scroll of magic mapping.
The ogre hits you with a +0 giant club!!
Ouch! That really hurt!
* * * LOW HITPOINT WARNING * * *
There is a stone staircase leading down here.
The ogre barely misses you.
The ogre hits you with a +0 giant club!!
Ouch! That really hurt!
You die...

#......# #.####.#
#.# #.# #.# #<#
#.#########
#..........
####################
#>O.................
#..@................
####################


You could see an ogre.

Vanquished Creatures
  2 hounds (D:3)
  An iguana (D:4)
  2 adders (D:2)
  An ooze (D:4)
  An adder zombie (D:3)
  4 worms
  3 dart slugs
  A leopard gecko (D:2)
  6 orcs (D:4)
  5 bats
  6 giant cockroaches
  10 goblins
  8 hobgoblins
  8 kobolds
  A quokka (D:4)
  2 frilled lizards (D:1)
  5 rats
66 creatures vanquished.

Vanquished Creatures (others)
  An adder zombie (D:3)
1 creature vanquished.

Grand Total: 67 creatures vanquished

Notes
Turn   | Place    | Note
-------+----------+-------------------------------------------
     0 | D:1      | DoubleLucky the Octopode Transmuter began the quest for the
                  | Orb.
     0 | D:1      | Reached XP level 1. HP: 13/13 MP: 3/3
   306 | D:1      | Reached XP level 2. HP: 18/18 MP: 3/5
   313 | D:1      | Learned a level 2 spell: Wereblood
   974 | D:2      | Reached XP level 3. HP: 23/23 MP: 4/6
  1141 | D:2      | Identified the +1 helmet "Hoce" {rC+}
  1141 | D:2      | Noticed Robin
  1378 | D:2      | Found a hide-covered altar of Uskayaw.
  1641 | D:2      | Reached XP level 4. HP: 22/29 MP: 5/7
  2054 | D:2      | Learned a level 3 spell: Spider Form
  2641 | D:3      | Found a stormy altar of Qazlal.
  2704 | D:3      | Reached XP level 5. HP: 33/34 MP: 7/9
  3808 | D:4      | Found a shadowy altar of Dithmenos.
  3820 | D:4      | Noticed an ogre
  4053 | D:3      | Mangled by an ogre

Illustrated notes

Levels and vault maps discovered:
D:1:      minmay_arrival_plants_in_alcoves, layout_loops_ring
D:2:      layout_rooms, eat_drink_and_be_merry_uskayaw,
          overflow_temple_1_default, minivault_24, uniq_robin
D:3:      layout_basic, grunt_qazlal_clouds
D:4:      layout_basic, nicolae_dithmenos_shadow_blocks

Skill      XL: |  1  2  3  4  5 |
---------------+----------------+-----
Fighting       | 2 |  2.5
Transmutations | 3 |  3.1
Dodging        | 3 |  3.0
Unarmed Combat | |  3.9
Spellcasting   | |  2.9

Action                   |  1- 3 |  4- 6 || total
-------------------------+-------+-------++-------
Melee: Unarmed           |    55 |    45 ||   100
       Constrict         |    20 |    15 ||    35
       Kick              |    14 |    13 ||    27
       Tentacles         |     8 |    11 ||    19
       Punch             |     1 |     3 ||     4
Throw: Dart              |    50 |    77 ||   127
 Cast: Beastly Appendage |    12 |    12 ||    24
       Wereblood         |     2 |     1 ||     3
  Use: Scroll            |       |     2 ||     2
 Stab: Sleeping          |     4 |       ||     4
Armor: Skin              |     7 |       ||     7
Dodge: Dodged            |    44 |    23 ||    67

Table legend: (Time is in decaauts)
 A = Elapsed time spent in this place.
 B = Non-inter-level travel time spent in this place.
 C = Inter-level travel time spent in this place.
 D = Time resting spent in this place.
 E = Time spent auto-exploring this place.
 F = Levels seen in this place.
 G = Mean time per level.
                   A        B        C        D        E       F      G
               +--------+--------+--------+--------+--------+-----+--------+
         Total |   4049 |   3813 |    236 |   1032 |   1581 |   4 | 1012.2 |
       Dungeon |   4049 |   3813 |    236 |   1032 |   1581 |   4 | 1012.2 |
               +--------+--------+--------+--------+--------+-----+--------+

Top non-repeatable levels by time:
     D:3: 1396 daAuts
     D:1: 1289 daAuts
     D:2: 824 daAuts
     D:4: 539 daAuts
